 Dungeon Crawl Stone Soup version 0.26-b1-32-g5d43845318 (webtiles) character file.

Game seed: 7137228896676800470

71 Borgoz the Cudgeller (level 4, 0/29 HPs)
             Began as a Gargoyle Berserker on Jan 11, 2021.
             Was a Believer of Trog.
             Slain by an orc wizard
             ... wielding a +0 dagger
              (1 damage)
             ... on level 3 of the Dungeon.
             The game lasted 00:01:30 (2017 turns).

Borgoz the Cudgeller (Gargoyle Berserker)           Turns: 2017, Time: 00:01:31

Health: 0/29       AC:  9    Str: 25    XL:     4   Next: 24%
Magic:  4/4        EV: 12    Int:  7    God:    Trog [**....]
Gold:   48         SH:  0    Dex: 12    Spells: 3/3 levels left

rFire    . . .     SeeInvis .   a - +0 mace
rCold    + . .     Faith    .   (no shield)
rNeg     + . .     Spirit   .   k - +0 ring mail
rPois    ∞         Reflect  .   (no helmet)
rElec    +         Harm     .   (no cloak)
rCorr    .         Rampage  .   (no gloves)
Will     .....                  (no boots)
Stlth    ..........             (no amulet)
HPRegen  0.09/turn              g - ring of protection from cold
MPRegen  0.09/turn              f - ring of attention (curse)

@: berserk cooldown, slowed, very slow
A: agile 1, negative energy resistance 1, electricity resistance, strong 2,
unbreathing, petrification resistance, miasma immunity, MP-powered wands, AC +3
a: Renounce Religion, Berserk, Trog's Hand


You were on level 3 of the Dungeon.
You worshipped Trog.
Trog was pleased with you.
You visited 1 branch of the dungeon, and saw 3 of its levels.

You collected 48 gold pieces.

Inventory:

Hand Weapons
 a - a +0 mace (weapon)
Armour
 k - a +0 ring mail (worn)
Jewellery
 f - a cursed ring of attention (right hand)
 g - a ring of protection from cold (left hand)
Scrolls
 c - a scroll of magic mapping {unknown}
 e - 2 scrolls of identify {unknown}
 h - a scroll of enchant armour {unknown}
 m - a scroll of remove curse {unknown}
 o - a scroll of random uselessness {unknown}
Potions
 b - a potion of brilliance {unknown}
 d - a potion of magic {unknown}
 i - a potion of flight {unknown}
 j - 2 potions of curing {unknown}
 l - 2 potions of mutation
 n - a potion of attraction {unknown}


   Skills:
 + Level 3.6 Fighting
 * Level 3.7 Maces & Flails
 + Level 2.8 Armour
 * Level 2.4 Dodging


You had 3 spell levels left.
You didn't know any spells.
Your spell library was empty.

Dungeon Overview and Level Annotations

Branches:
Dungeon (3/15)

Altars:
Ashenzari
Uskayaw


Innate Abilities, Weirdness & Mutations

You are resistant to torment.
Your stone body is resilient. (AC +3)
You are immune to poison.
You resist negative energy. (rN+)
You are resistant to electric shocks. (rElec)
You can survive without breathing.
You are immune to petrification.
You are immune to miasma.
You are agile. (Dex +2)
Your muscles are very strong. (Str +4)
You expend magic power (3 MP) to strengthen your wands.


Message History

The orc wizard hits you but does no damage. x2
The orc wizard casts a spell at you. The magic dart hits you!
* * * LOW HITPOINT WARNING * * *
You closely miss the orc wizard.
The orc wizard hits you but does no damage. x2
The orc wizard misses you.
You hit the orc wizard but do no damage.
The orc wizard points at you and mumbles some strange words.
The magic dart hits you.
* * * LOW HITPOINT WARNING * * *
The orc wizard points at you and mumbles some strange words.
The magic dart hits you.
* * * LOW HITPOINT WARNING * * *
It was a potion of mutation.
You feel extremely strange.
You feel your magical essence link to the dungeon's wands.
You feel agile.
You feel stronger. x2
The orc wizard hits you but does no damage.
The orc wizard hits you with a +0 dagger.
You die...

#. # +..#.
...#. #######
...># §..?[.#
#.#.. .......
#....###....#
#..)#o@.#
...#)).#
#.#.).#≈≈#
#.≈###≈≈≈≈#
#..≈≈l≈≈≈≈≈≈
##..≈≈≈≈≈≈≈≈≈
#<.≈###≈≈≈≈##
#...#...#≈≈#..
#....#.⌠.#..#.⌠


You could see an orc wizard (fast).

Vanquished Creatures
  An orc wizard (D:3)
  3 dart slugs
  3 orcs (D:3)
  A giant cockroach (D:2)
  5 goblins
  5 hobgoblins (D:1)
  9 jackals (D:1)
  4 kobolds
  7 bats
  2 frilled lizards (D:1)
  4 rats (D:1)
44 creatures vanquished.

Vanquished Creatures (others)
  A frilled lizard (D:3)
1 creature vanquished.

Grand Total: 45 creatures vanquished

Notes
Turn   | Place    | Note
-------+----------+-------------------------------------------
     0 | D:1      | Borgoz the Gargoyle Berserker began the quest for the Orb.
     0 | D:1      | Reached XP level 1. HP: 14/14 MP: 1/1
    53 | D:1      | Reached XP level 2. HP: 19/19 MP: 2/2
   514 | D:1      | Reached XP level 3. HP: 23/23 MP: 3/3
   785 | D:1      | Reached ** piety under Trog
  1534 | D:2      | Noticed a +0 hand axe
  1535 | D:2      | Noticed a +0 dagger
  1537 | D:2      | Found a hide-covered altar of Uskayaw.
  1574 | D:2      | Found a broken altar of Ashenzari.
  1683 | D:2      | Found a faded altar of an unknown god.
  2005 | D:3      | Reached XP level 4. HP: 22/28 MP: 4/4
  2016 | D:3      | HP: 1/29 [orc wizard/magic dart (2)]
  2017 | D:3      | Gained mutation: You expend magic power (3 MP) to
                  | strengthen your wands. [potion of mutation]
  2017 | D:3      | Gained mutation: You are agile. (Dex +2) [potion of
                  | mutation]
  2017 | D:3      | Gained mutation: Your muscles are strong. (Str +2) [potion
                  | of mutation]
  2017 | D:3      | Gained mutation: Your muscles are very strong. (Str +4)
                  | [potion of mutation]
  2017 | D:3      | Slain by an orc wizard

Illustrated notes

Levels and vault maps discovered:
D:1:      dpeg_arrival_simpleton_c, layout_basic
D:2:      layout_basic, dancing_weapons_uskayaw, nicolae_overflow_crystal_walls,
          chequers_ecumenical_altar_twisty, minmay_pentomino_pile
D:3:      layout_loops_corners, nicolae_ru_great_annihilating_truth,
          fountainhead

Skill      XL: |  1  2 |
---------------+-------+-----
Dodging        | 2 |  2.4
Fighting       | |  3.6
Maces & Flails | |  3.7
Armour         | |  2.8

Action                   |  1- 3 |  4- 6 || total
-------------------------+-------+-------++-------
Melee: Mace              |   121 |     8 ||   129
Invok: Berserk           |     2 |       ||     2
       Trog's Hand       |     1 |       ||     1
  Use: Potion            |       |     1 ||     1
Armor: Animal skin       |    53 |       ||    53
       Ring mail         |    20 |     7 ||    27
Dodge: Dodged            |   117 |     3 ||   120
